 Dungeon Crawl Stone Soup version 0.26-a0-651-gb41185065b (webtiles) character file.

Game seed: 1790350890783190855

(classic levelgen) 5185 EnegeticOcto the Cleaver (level 10, -2/92 HPs)
             Began as a Deep Dwarf Fighter on Oct 9, 2020.
             Was a Priest of Makhleb.
             Collided with a rock wall (10 damage)
             ... caused by Erica
             ... on level 8 of the Dungeon.
             The game lasted 00:04:10 (4618 turns).

EnegeticOcto the Cleaver (Deep Dwarf Fighter)       Turns: 4618, Time: 00:04:11

Health: -2/92      AC: 13    Str: 23    XL:     10   Next: 34%
Magic:  11/11      EV:  8    Int:  9    God:    Makhleb [***...]
Gold:   543        SH: 12    Dex: 12    Spells: 9/9 levels left

rFire    . . .     SeeInvis .   a - +1 war axe
rCold    . . .     Faith    .   c - +1 kite shield
rNeg     . . .     Spirit   .   b - +0 scale mail
rPois    +         Reflect  .   r - +2 hat {MR+}
rElec    .         Harm     .   y - +2 cloak {rPois}
rCorr    +         Rampage  .   (no gloves)
MR       +++..                  (no boots)
Stlth    ..........             (no amulet)
HPRegen  0.00/turn              e - ring of resist corrosion
MPRegen  0.12/turn              x - ring of protection from magic

@: lethally poisoned (-2 -> -2), non-regenerating
A: damage resistance, heal wounds, sense surroundings 2, no regeneration
a: Heal Wounds, Minor Destruction, Lesser Servant of Makhleb, Renounce Religion


You were on level 8 of the Dungeon.
You worshipped Makhleb.
Makhleb was most pleased with you.
You visited 1 branch of the dungeon, and saw 8 of its levels.
You also visited: Ossuary.

You collected 543 gold pieces.

Inventory:

Hand Weapons
 a - a +1 war axe (weapon)
Armour
 b - a +0 scale mail (worn)
 c - a +1 kite shield (worn)
 r - a +2 hat of magic resistance (worn)
 y - a +2 cloak of poison resistance (worn)
Jewellery
 e - a ring of resist corrosion (left hand)
 x - a ring of protection from magic (right hand)
Wands
 s - a wand of enslavement (5)
Scrolls
 f - 6 scrolls of identify {@r1}
 g - 3 scrolls of remove curse {@r2}
 h - 3 scrolls of enchant weapon
 j - 3 scrolls of teleportation {@r3}
 u - a scroll of fear
 w - a scroll of brand weapon {unknown}
Potions
 d - 3 potions of might {@q3}
 i - a potion of brilliance {unknown}
 k - a potion of ambrosia
 l - a potion of cancellation
 m - a potion of flight
 n - a potion of invisibility {unknown}
 o - 6 potions of heal wounds {@q2}
 p - 2 potions of resistance {unknown}
 q - 4 potions of curing {unknown}
 t - a potion of stabbing {unknown}
 v - a potion of experience {unknown}


   Skills:
 + Level 6.4 Fighting
 * Level 10.2 Axes
 + Level 7.8 Armour
 + Level 7.7 Shields
 + Level 7.1 Invocations


You had 9 spell levels left.
You didn't know any spells.
Your spell library was empty.

Dungeon Overview and Level Annotations

Branches:
Dungeon (8/15)             Temple (0/1) D:6            Lair (0/6) D:8
Ossuary (visited)

Altars:
Gozag
Kikubaaqudgha
Makhleb
Nemelex Xobeh
Qazlal
Sif Muna
Trog
Uskayaw
Wu Jian
Zin

Shops:
D:4 *   D:5 (([!

Annotations:
D:8 5 exclusions, Erica


Innate Abilities, Weirdness & Mutations

You are resistant to damage.
You can heal yourself by infusing magical energy.
You passively map the area around you.
You do not regenerate.


Message History

Makhleb accepts your kill.
No target in view!
No target in view!
No target in view!
No target in view!
An electric eel is nearby!
An electric eel is nearby!
An electric eel is nearby!
An electric eel is nearby!
An electric eel is nearby!
No target in view!
No target in view!
No target in view!
No target in view!
No target in view!
No target in view!
No target in view!
No target in view!
No target in view!
Press: ? - help, v - describe, . - travel The floor.
Placed new exclusion.
Reduced exclusion size to a single square.
Magic restored.
You now have 543 gold pieces (gained 16).
A bullfrog and Erica come into view.
Erica is wielding a +3 scimitar of flaming and carrying a wand of digging (6).
Erica shouts!
The bullfrog gives a loud, deep croak!
Erica mumbles some strange words.
Erica flickers and vanishes!
Deactivating autopickup; reactivate with Ctrl-A.
Found a scroll of amnesia.
A bullfrog is nearby!
A bullfrog is nearby!
A bullfrog is nearby!
The bullfrog hits you. Something hits you but does no damage.
You slash the bullfrog!
The bullfrog is heavily wounded.
You barely miss something. You block the bullfrog's attack.
The bullfrog snags a nearby baby bat with its tongue.
You block the bullfrog's attack. Something hits you. Something burns you.
You slice the bullfrog!!
You kill the bullfrog!
Makhleb accepts your kill.
You closely miss something. Something hits you! Something burns you.
No target in view!
No target in view!
No target in view!
No target in view!
No target in view!
No target in view!
No target in view!
No target in view!
No target in view!
No target in view!
No target in view!
No target in view!
No target in view!
No target in view!
No target in view!
No target in view!
No target in view!
No target in view!
No target in view!
You slash something! You block something's attack.
You miss something. Something hits you. Something burns you.
You slash something! You barely miss something.
Something hits you but does no damage.
You closely miss something.
You hear some strange, mumbled words.
A lance of force appears from out of thin air!
The lance of force hits you!
You are knocked back by the lance of force.
You slam into the rock wall!
You block something's attack.
You closely miss something. You block something's attack.
You miss something. Something hits you but does no damage.
You barely miss something. Something hits you but does no damage.
You slash something!
You hear some strange, mumbled words.
A bolt of poison appears from out of thin air!
The bolt of poison hits you!
You are poisoned.
You resist.
You hit something but do no damage. Something hits you. Something burns you.
You miss something. Something hits you but does no damage.
You slice something!! Something hits you but does no damage.
You miss something. You closely miss something. You block something's attack.
You slash something!
You hear some strange, mumbled words.
Something tries to affect you, but you resist.
You closely miss something.
You hear some strange, mumbled words.
A lance of force appears from out of thin air!
The lance of force hits you!!
* * * LOW HITPOINT WARNING * * *
You are knocked back by the lance of force.
You slam into the rock wall!
You die...

##########......###########
.........'..<...#
##########......# *
######## * # ############ *
* # *........... ,,,, ,, #
*.?.......# * * * #
......{.@# #
#########.####### * * #
#................, , #
#.#.........##### ** *
#.#.........# #.#.........#
#.#.........#
########.#.........#
.........#.........#


There were no monsters in sight!

Vanquished Creatures
  Pikel (D:5)
  Maurice (D:8)
  A hippogriff (D:7)
  Eustachio (D:5)
  Menkaure (D:6)
  4 porcupines (D:8)
  An eye of draining (D:8)
  An ice beast (D:7)
  2 sky beasts
  3 black bears (D:8)
  4 ogres
  2 wolves (D:8)
  4 centaurs
  4 crocodiles (D:8)
  3 big kobolds
  3 bullfrogs
  2 scorpions
  4 wights (D:7)
  3 centaur zombies (Ossuary)
  A bullfrog zombie (D:8)
  6 hounds
  An orc priest (D:2)
  2 centaur skeletons (D:7)
  An orc wizard (D:8)
  Crazy Yiuf (D:7)
  A bullfrog skeleton (D:5)
  Ijyb (D:5)
  Jessica (D:5)
  11 worker ants
  Natasha (D:2)
  An iguana (D:8)
  A big kobold zombie (Ossuary)
  3 hound skeletons
  2 mummies (Ossuary)
  A worker ant zombie (D:5)
  8 gnolls
  4 adders
  2 white imps (D:8)
  An ufetubus (D:7)
  An ooze (D:4)
  2 adder zombies (Ossuary)
  An adder skeleton (D:4)
  3 worms
  4 leopard geckos
  9 orcs
  2 giant cockroaches
  3 goblins
  8 hobgoblins
  7 jackals
  A quokka (D:3)
  A ball python (D:3)
  5 bats
  2 frilled lizards (D:2)
  A goblin zombie (Ossuary)
  16 hobgoblin zombies (Ossuary)
  12 kobolds
  8 kobold zombies (Ossuary)
  A leopard gecko zombie (D:6)
  6 orc zombies (Ossuary)
  A quokka zombie (D:7)
  2 rats
191 creatures vanquished.

Vanquished Creatures (others)
  2 fungi (D:8)
2 creatures vanquished.

Grand Total: 193 creatures vanquished

Notes
Turn   | Place    | Note
-------+----------+-------------------------------------------
     0 | D:1      | EnegeticOcto the Deep Dwarf Fighter began the quest for the
                  | Orb.
     0 | D:1      | Reached XP level 1. HP: 20/20 MP: 1/1
    83 | D:1      | Reached XP level 2. HP: 25/27 MP: 2/2
   249 | D:2      | Noticed Natasha
   261 | D:2      | Killed Natasha
   261 | D:2      | Reached skill level 3 in Axes
   261 | D:2      | Reached XP level 3. HP: 25/34 MP: 3/3
   303 | D:2      | Reached XP level 4. HP: 24/42 MP: 4/4
   537 | D:4      | Reached skill level 4 in Axes
   537 | D:4      | Reached XP level 5. HP: 28/49 MP: 5/5
   540 | D:4      | Found Hathri Cost's General Store.
   614 | D:4      | Reached XP level 6. HP: 35/56 MP: 6/6
   644 | D:4      | Reached skill level 5 in Axes
   785 | D:4      | Found a bloodstained altar of Trog.
   885 | D:4      | Found a sparkling altar of Nemelex Xobeh.
  1099 | D:5      | Entered Level 5 of the Dungeon
  1099 | D:5      | Found a burning altar of Makhleb.
  1099 | D:5      | Noticed Pikel
  1111 | D:5      | Became a worshipper of Makhleb the Destroyer
  1131 | D:5      | Reached XP level 7. HP: 50/64 MP: 6/6
  1137 | D:5      | Killed Pikel
  1137 | D:5      | Reached skill level 6 in Axes
  1137 | D:5      | Reached skill level 5 in Armour
  1137 | D:5      | Reached skill level 5 in Shields
  1208 | D:5      | Found Fiemm's Antique Armour Emporium.
  1209 | D:5      | Found Xeorr's Distillery.
  1215 | D:5      | Reached XP level 8. HP: 41/73 MP: 9/9
  1483 | D:5      | Noticed Ijyb
  1493 | D:5      | Killed Ijyb
  1493 | D:5      | Reached skill level 7 in Axes
  1570 | D:5      | Noticed Jessica
  1579 | D:5      | Found a shimmering blue altar of Sif Muna.
  1593 | D:5      | Killed Jessica
  1654 | D:5      | Found Xeeqiad's Antique Weapon Shoppe.
  1658 | D:5      | Found Jikass's Weapon Emporium.
  1718 | D:5      | Noticed Eustachio
  1752 | D:5      | Killed Eustachio
  1752 | D:5      | Reached skill level 5 in Fighting
  1855 | D:6      | Found a sand-covered staircase.
  1862 | Ossuary  | Entered an ossuary
  1911 | Ossuary  | Reached * piety under Makhleb
  1967 | Ossuary  | Reached ** piety under Makhleb
  2058 | D:6      | Found a staircase to the Ecumenical Temple.
  2101 | D:6      | Reached skill level 8 in Axes
  2101 | D:6      | Gained mutation: You passively map the area around you.
                  | [Deep Dwarf growth]
  2101 | D:6      | Reached XP level 9. HP: 51/81 MP: 9/9
  2141 | D:6      | Found a glowing silver altar of Zin.
  2252 | D:6      | Noticed Menkaure
  2264 | D:6      | Killed Menkaure
  2264 | D:6      | Reached skill level 5 in Invocations
  2386 | D:6      | Found a stormy altar of Qazlal.
  2386 | D:6      | Found a hide-covered altar of Uskayaw.
  2387 | D:6      | Found an opulent altar of Gozag.
  2523 | D:6      | Found an ornate altar of the Wu Jian Council.
  3135 | D:7      | Found a runed translucent door.
  3136 | D:7      | Noticed Crazy Yiuf
  3634 | D:7      | Reached skill level 9 in Axes
  3787 | D:7      | Killed Crazy Yiuf
  3963 | D:8      | Noticed Maurice
  3996 | D:8      | Killed Maurice
  4001 | D:8      | Reached *** piety under Makhleb
  4003 | D:8      | Reached XP level 10. HP: 74/91 MP: 11/11
  4031 | D:8      | Reached skill level 10 in Axes
  4038 | D:8      | Found a staircase to the Lair.
  4136 | D:8      | Found an ancient bone altar of Kikubaaqudgha.
  4598 | D:8      | Noticed Erica
  4618 | D:8      | Collided with a rock wall

Illustrated notes

Levels and vault maps discovered:
D:1:      psy_arrival_heroes, layout_loops_ring
D:2:      cheibrodos_pilgrimage, layout_loops_cross, uniq_sigmund, uniq_natasha,
          uniq_terence
D:3:      layout_basic, tso_altar, overflow_temple_1_default,
          lemuel_crystal_altar, nicolae_dithmenos_through_a_glass_darkly
D:4:      layout_loops_ring, kennysheep_mini_moat, lemuel_crystal_altar,
          serial_shops, shop, minmay_vboxes
D:5:      cheibrodos_thug_alley, layout_basic, lemuel_crystal_altar, tgw_sif,
          serial_shops, nicolae_shop_window_shopping, nicolae_shop_crystal,
          shop, shop_statue, uniq_pikel, uniq_eustachio, uniq_ijyb
D:6:      layout_cave_pods, lemuel_round_altar,
          nicolae_overflow_quartered_altars, minmay_temple_entry_mini_moons,
          enter_ossuary_5, uniq_menkaure
D:7:      layout_basic, uniq_crazy_yiuf_cottage
D:8:      layout_basic, marbit_many_paths, minmay_lair_entry_grove, minivault_4,
          uniq_erica, uniq_maurice

Skill      XL: |  1  2  3  4  5  6  7  8  9 10 |
---------------+-------------------------------+-----
Fighting       | 3 4 5 6 |  6.4
Axes           | 3 4 5 6 8 9 10 | 10.2
Armour         | 4 5 6 7 |  7.8
Shields        | 4 5 6 7 |  7.7
Invocations    | 3 4 6 7 |  7.1

Action                   |  1- 3 |  4- 6 |  7- 9 | 10-12 || total
-------------------------+-------+-------+-------+-------++-------
Melee: War axe           |    54 |   194 |   377 |    86 ||   711
 Abil: Heal Wounds       |     3 |     7 |    12 |     8 ||    30
Evoke: Wand              |       |       |     5 |     1 ||     6
  Use: Scroll            |       |       |    16 |       ||    16
Armor: Scale mail        |    29 |    95 |   143 |    67 ||   334
Dodge: Dodged            |    28 |    79 |   118 |    48 ||   273
Block: Kite shield       |    31 |   127 |   254 |    88 ||   500

Table legend: (Time is in decaauts)
 A = Elapsed time spent in this place.
 B = Non-inter-level travel time spent in this place.
 C = Inter-level travel time spent in this place.
 D = Time resting spent in this place.
 E = Time spent auto-exploring this place.
 F = Levels seen in this place.
 G = Mean time per level.
                   A        B        C        D        E       F      G
               +--------+--------+--------+--------+--------+-----+--------+
         Total |   4777 |   4614 |    163 |      0 |   3249 |   9 |  530.8 |
       Dungeon |   4585 |   4422 |    163 |      0 |   3159 |   8 |  573.1 |
       Ossuary |    192 |    192 |      0 |      0 |     90 |   1 |  192.0 |
               +--------+--------+--------+--------+--------+-----+--------+

Top non-repeatable levels by time:
     D:7: 981 daAuts
     D:6: 855 daAuts
     D:8: 816 daAuts
     D:5: 747 daAuts
     D:4: 627 daAuts
     D:2: 220 daAuts
     D:1: 198 daAuts
 Ossuary: 192 daAuts
     D:3: 137 daAuts
